 Dungeon Crawl Stone Soup version 0.29-a0-451-gfbfa42419e (webtiles) character file.

Game seed: 16103648258869889454

20562 rageheart7 the Grappler (level 12, -2/115 (127) HPs)
             Began as a Yellow Draconian Transmuter on May 19, 2022.
             Was a Believer of Uskayaw.
             Slain by a minotaur
             ... wielding a +5 mace of draining
              (11 damage)
             ... in a Gauntlet.
             The game lasted 00:30:39 (11312 turns).

rageheart7 the Grappler (DrTm)                     Turns: 11312, Time: 00:30:40

HP:   -2/115 (127)  AC:  6    Str: 16    XL:     12   Next: 46%
MP:   4/15          EV: 15    Int: 16    God:    Uskayaw [**....]
Gold: 296           SH:  0    Dex: 17    Spells: 8/15 levels left

rFire   x . .      SeeInvis .     - Unarmed
rCold   + + +      Faith    .   (shield currently unavailable)
rNeg    . . .      Spirit   .   (body armour unavailable)
rPois   +          Reflect  .   (helmet currently unavailable)
rElec   .          Harm     .   (cloak currently unavailable)
rCorr   .          Rampage  .   (gloves currently unavailable)
Will    .....      NoTele   +   (boots currently unavailable)
Stlth   ++........              e - amulet of regeneration
HPRegen 1.09/turn               g - ring of protection from cold
MPRegen 0.14/turn               v - +6 ring of dexterity

@: ice-form, drained
A: freezing attack, amphibious, boosted hp, (spit acid), AC +8, large, unfitting
armour, (cold-blooded), (acid resistance), (poison resistance), subdued magic 1,
devolution 1
a: End Transformation, Renounce Religion, Stomp, Line Pass


You were in a Gauntlet.
You worshipped Uskayaw.
Uskayaw was noncommittal.
You were a creature of crystalline ice.
You visited 2 branches of the dungeon, and saw 14 of its levels.
You also visited: Ossuary and Gauntlet.

You collected 724 gold pieces.
You spent 428 gold pieces at shops.

Inventory:

Missiles
 k - a throwing net
Armour
 b - a +1 cloak of preservation (melded)
 t - a +0 pair of gloves (melded)
 z - a +0 pair of boots (melded)
 D - the +0 hat "Put-Me-On" (melded) {Will+}
   (You found it in a Gauntlet)

   Will:      It increases your willpower.
Jewellery
 e - an amulet of regeneration (around neck)
 g - a ring of protection from cold (left front paw)
 r - a +6 ring of intelligence
 v - a +6 ring of dexterity (right front paw)
 C - a ring of positive energy
 H - a ring of magical power
 I - a ring of poison resistance
Wands
 f - a wand of mindburst (1)
 y - a wand of flame (20)
 F - a wand of digging (1)
 G - a wand of charming (6)
Scrolls
 a - a scroll of enchant weapon
 m - 5 scrolls of blinking
 n - 4 scrolls of teleportation
 o - 2 scrolls of fog
 u - a scroll of amnesia
 w - 2 scrolls of identify
 B - 2 scrolls of poison
Potions
 c - 2 potions of might
 d - 2 potions of invisibility
 h - a potion of ambrosia
 i - 3 potions of resistance
 j - 3 potions of heal wounds
 l - 5 potions of flight
 p - 3 potions of berserk rage
 q - 2 potions of lignification
 s - 2 potions of brilliance
 x - 4 potions of attraction
 A - 8 potions of curing
 E - 2 potions of cancellation


   Skills:
 - Level 10.0 Fighting
 + Level 10.2 Dodging
 - Level 12.0 Unarmed Combat
 - Level 2.0 Spellcasting
 * Level 10.5 Transmutations
 + Level 2.5 Invocations


You had 8 spell levels left.
You knew the following spells:

 Your Spells              Type           Power      Damage    Failure   Level
a - Beastly Appendage     Tmut           54%        N/A       1%          1
b - Ice Form              Ice/Tmut       14%        N/A       21%         4
d - Wereblood             Tmut           27%        N/A       1%          2

Your spell library contained the following spells:

 Spells                   Type           Power      Damage    Failure   Level
 Spider Form              Tmut/Pois      14%        N/A       5%          3
 Magic Dart               Conj           4%         1d3       17%         1
 Call Imp                 Summ           1%         N/A       26%         2
 Mephitic Cloud           Conj/Pois/Air  1%         N/A       47%         3


Dungeon Overview and Level Annotations

Branches:
Dungeon (13/15)            Temple (0/1) D:5            Lair (1/6) D:9
    Orc (0/2) D:12        Ossuary (visited)         Gauntlet (1/1)
 Vaults: D:13-14

Altars:
Gozag
Hepliaklqana
Nemelex Xobeh
Okawaru
Qazlal
Sif Muna
Uskayaw
Zin

Shops:
D:5 ?   D:12 ?

Annotations:
D:7 1 runed translucent door, Foxy's ghost, novice PaFi Gauntlet 8 transporters, 3 runed translucent doors, exclusion: lightning spire


Innate Abilities, Weirdness & Mutations

You are a creature of crystalline ice.
You have a powerful freezing melee attack.
You are amphibious.
Your maximum health is increased.
Your armour is entirely melded.
You are incapable of wielding weapons or throwing items.
((You can spit globs of acid.))
((Your golden yellow scales are hard. (AC +8)))
You cannot fit into any form of body armour.
((You are cold-blooded and may be slowed by cold attacks.))
((You are resistant to acid. (rCorr)))
((Your system is resistant to poisons. (rPois)))
Your spells are a little easier to cast, but a little less powerful.
You have hidden genetic defects.


Message History

Aim: a minotaur, wielding a +5 mace of draining, wearing a +0 plate armour and quivering javelins (chance to affect: 6%)
The minotaur resists with almost no effort.
The minotaur throws a javelin.
The javelin pierces through you!!
The minotaur throws a javelin.
The javelin pierces through you!!
There is an open door here.
You hit the minotaur but do no damage. You punch the minotaur!
You freeze the minotaur.
The minotaur is moderately wounded.
The minotaur hits you with a +5 mace of draining!!!
You feel drained.
The minotaur gores you but does no damage.
You punch the minotaur! You freeze the minotaur.
The minotaur is heavily wounded.
The minotaur misses you. The minotaur gores you!
* * * LOW HITPOINT WARNING * * *
You can now pass through a line of other dancers.
You punch the minotaur! You freeze the minotaur.
The minotaur is severely wounded.
The minotaur hits you with a +5 mace of draining!!
* * * LOW HITPOINT WARNING * * *
You feel drained.
* * * LOW HITPOINT WARNING * * *
The minotaur misses you.
You hit the minotaur. You freeze the minotaur.
The minotaur is severely wounded.
The minotaur misses you. x2
Uskayaw will force your foes to helplessly watch your dance.
Uskayaw prepares the audience for your solo!
The helpless minotaur fails to defend itself.
You hit the minotaur but do no damage.
The minotaur is severely wounded.
The minotaur is no longer paralysed.
Aiming: Line Pass
Press: ? - help, Dir - move target, p - minotaur The minotaur appears confused.
You completely miss the minotaur.
The minotaur is severely wounded.
The minotaur seems less confused.
The minotaur hits you with a +5 mace of draining!
You die...

####### #≈≈≈≈≈#
#≈≈∩≈≈# #≈HY.≈#
###.### #.....#
######'#######
#.............#
#.###.###.###.#
#.###.###.###.#
#.............#
##.###.###.###


You could see a minotaur.

Vanquished Creatures
  A great orb of eyes (Gauntlet)
  A boulder beetle (D:12)
  3 two-headed ogres
  Nergalle (D:11)
  A deep elf pyromancer (D:13)
  3 ugly things
  5 cyclopes
  3 manticores
  A gargoyle (D:11)
  3 unseen horrors
  Maggie (Lair:1)
  A troll (D:12)
  A shadow (D:9)
  2 wraiths (D:11)
  27 yaks
  2 neqoxecs (Gauntlet)
  A basilisk (D:13)
  Eustachio (D:6)
  A steam dragon (D:8)
  2 chaos spawn (Gauntlet)
  4 vampire mosquitoes (D:12)
  Menkaure (D:4)
  3 wargs
  Duvessa (D:6)
  A water moccasin (D:6)
  An ice beast (D:7)
  5 orc warriors
  2 black bears (D:6)
  3 ogres
  6 centaurs
  2 kobold brigands
  A bullfrog (D:7)
  2 necrophages (D:4)
  3 scorpions
  A wyvern zombie (Ossuary)
  3 water moccasin zombies (Ossuary)
  Dowan (D:6)
  10 killer bees
  7 bullfrog zombies (Ossuary)
  A centaur zombie (Ossuary)
  2 hounds
  2 jellies (D:6)
  A gnoll shaman (D:7)
  11 orc priests
  14 mummies
  Jessica (D:2)
  3 iguanas
  14 orc wizards
  A howler monkey zombie (Ossuary)
  12 adders
  11 gnolls
  2 shadow imps
  An ufetubus (D:4)
  A worm (D:3)
  7 dart slugs
  31 orcs
  11 endoplasms
  4 giant cockroaches
  10 goblins
  8 hobgoblins
  7 jackals
  5 quokkas
  7 ball pythons
  4 bats
  2 frilled lizards (D:2)
  3 hobgoblin zombies (D:7)
  20 kobolds
  A kobold zombie (D:7)
  2 rats
317 creatures vanquished.

Vanquished Creatures (others)
  An orc wizard (D:12)
  A demonic plant (Gauntlet)
  8 plants
  6 withered plants (Ossuary)
16 creatures vanquished.

Grand Total: 333 creatures vanquished

Notes
Turn   | Place    | Note
-------+----------+-------------------------------------------
     0 | D:1      | rageheart7 the Draconian Transmuter began the quest for the
                  | Orb.
     0 | D:1      | Reached XP level 1. HP: 16/16 MP: 3/3
   177 | D:1      | Reached XP level 2. HP: 16/24 MP: 3/5
   545 | D:1      | Found a faded altar of an unknown god.
   691 | D:2      | Reached XP level 3. HP: 30/30 MP: 4/6
   755 | D:2      | Noticed Jessica
   763 | D:2      | Killed Jessica
   824 | D:2      | Reached skill level 4 in Unarmed Combat
   896 | D:2      | Reached XP level 4. HP: 35/38 MP: 5/7
  1752 | D:3      | Reached XP level 5. HP: 41/46 MP: 6/8
  2129 | D:4      | Reached skill level 5 in Unarmed Combat
  2159 | D:4      | Reached XP level 6. HP: 53/53 MP: 7/9
  2190 | D:4      | Reached skill level 5 in Fighting
  2282 | D:4      | Noticed Menkaure
  2345 | D:4      | Killed Menkaure
  2346 | D:4      | Reached skill level 6 in Unarmed Combat
  2346 | D:4      | Your scales start taking on a golden yellow colour.
  2346 | D:4      | Reached XP level 7. HP: 7/62 MP: 8/10
  2346 | D:4      | Gained mutation: You are resistant to acid. (rCorr) [Yellow
                  | Draconian growth]
  2506 | D:4      | Found a hide-covered altar of Uskayaw.
  2562 | D:4      | Became a worshipper of Uskayaw the Reveller
  2573 | D:4      | Reached * piety under Uskayaw
  2575 | D:4      | Reached ** piety under Uskayaw
  2903 | D:4      | Found a shimmering blue altar of Sif Muna.
  2945 | D:4      | Identified the +7 spear of Sulphur {pain, Contam *Slow
                  | Int+2 Dex+8}
  3140 | D:5      | Entered Level 5 of the Dungeon
  3140 | D:5      | Found Lunepudo's Magic Scroll Shop.
  3151 | D:5      | Bought a scroll of teleportation for 33 gold pieces
  3151 | D:5      | Bought a scroll of blinking for 82 gold pieces
  3214 | D:5      | Reached *** piety under Uskayaw
  3302 | D:5      | Found a sand-covered staircase.
  3313 | Ossuary  | Entered an ossuary
  3336 | Ossuary  | Reached **** piety under Uskayaw
  3340 | Ossuary  | Reached skill level 7 in Unarmed Combat
  3348 | Ossuary  | Reached ***** piety under Uskayaw
  3382 | Ossuary  | Reached XP level 8. HP: 66/73 MP: 4/11
  3522 | Ossuary  | Reached skill level 8 in Unarmed Combat
  3785 | D:5      | Found a staircase to the Ecumenical Temple.
  4398 | D:6      | Found a large runed translucent door.
  4430 | D:6      | Reached XP level 9. HP: 32/83 MP: 12/12
  4491 | D:6      | Noticed Dowan
  4496 | D:6      | Found a large runed translucent door.
  4516 | D:6      | Killed Dowan
  4517 | D:6      | Noticed Duvessa
  4551 | D:6      | Killed Duvessa
  4703 | D:6      | Noticed Eustachio
  4712 | D:6      | Killed Eustachio
  4713 | D:6      | Reached skill level 9 in Unarmed Combat
  5146 | D:6      | Found a hazy altar of Hepliaklqana.
  5154 | D:6      | Found a stormy altar of Qazlal.
  5159 | D:6      | Identified a scroll of acquirement
  5159 | D:6      | Acquired a +0 cloak of preservation
  5256 | D:7      | Reached skill level 10 in Fighting
  5462 | D:7      | Found a runed translucent door.
  5467 | D:7      | Noticed Foxy's ghost (novice PaFi)
  5560 | D:7      | Found an iron altar of Okawaru.
  5793 | D:8      | Identified the +6 scale mail of Fidoel {Harm Rampage Regen+
                  | Slay-6}
  5799 | D:8      | Learned a level 4 spell: Ice Form
  5803 | D:8      | Learned a level 3 spell: Spider Form
  5806 | D:8      | Learned a level 2 spell: Wereblood
  5918 | D:8      | Reached skill level 5 in Dodging
  5918 | D:8      | Reached skill level 10 in Unarmed Combat
  5924 | D:8      | Reached XP level 10. HP: 70/93 MP: 11/13
  5939 | D:8      | Reached ****** piety under Uskayaw
  6553 | D:8      | Reached skill level 5 in Transmutations
  7141 | D:9      | Reached skill level 11 in Unarmed Combat
  7199 | D:9      | Found a staircase to the Lair.
  7319 | D:9      | Found a sparkling altar of Nemelex Xobeh.
  7614 | D:10     | Entered Level 10 of the Dungeon
  7676 | D:10     | Found an opulent altar of Gozag.
  7737 | D:10     | Reached XP level 11. HP: 94/99 MP: 14/14
  7787 | D:10     | Found a glowing silver altar of Zin.
  8289 | D:11     | Noticed Nergalle
  8318 | D:11     | Killed Nergalle
  8454 | D:11     | Reached skill level 12 in Unarmed Combat
  8638 | D:11     | Noticed a two-headed ogre
  8644 | D:11     | Killed a two-headed ogre
  8667 | D:11     | Noticed a two-headed ogre
  8680 | D:11     | Killed a two-headed ogre
  9257 | D:11     | Gained mutation: Your body sometimes deteriorates upon
                  | taking damage. [potion of mutation]
  9257 | D:11     | Gained mutation: You occasionally shout uncontrollably at
                  | your foes. [potion of mutation]
  9257 | D:11     | Gained mutation: You have hidden genetic potential. [potion
                  | of mutation]
  9258 | D:11     | Lost mutation: Your body sometimes deteriorates upon taking
                  | damage. [potion of mutation]
  9258 | D:11     | Lost mutation: You have hidden genetic potential. [potion
                  | of mutation]
  9258 | D:11     | Lost mutation: You occasionally shout uncontrollably at
                  | your foes. [potion of mutation]
  9258 | D:11     | Gained mutation: You tend to lose your temper in combat.
                  | [potion of mutation]
  9258 | D:11     | Gained mutation: You often lose your temper in combat.
                  | [potion of mutation]
  9259 | D:11     | Lost mutation: You often lose your temper in combat.
                  | [potion of mutation]
  9259 | D:11     | Lost mutation: You tend to lose your temper in combat.
                  | [potion of mutation]
  9259 | D:11     | Gained mutation: Your system is resistant to poisons.
                  | (rPois) [potion of mutation]
  9352 | D:12     | Noticed a boulder beetle
  9379 | D:12     | Killed a boulder beetle
  9461 | D:12     | Noticed a two-headed ogre
  9475 | D:12     | Killed a two-headed ogre
  9529 | D:12     | Found Fephadwa's Magic Scroll Boutique.
  9537 | D:12     | Bought a scroll of blinking for 127 gold pieces
  9537 | D:12     | Bought a scroll of magic mapping for 59 gold pieces
  9537 | D:12     | Bought a scroll of blinking for 127 gold pieces
  9602 | D:12     | Found a staircase to the Orcish Mines.
  9605 | D:12     | Reached XP level 12. HP: 105/106 MP: 9/15
 10603 | D:13     | Reached skill level 10 in Dodging
 10603 | D:13     | Reached skill level 10 in Transmutations
 10774 | Lair:1   | Entered Level 1 of the Lair of Beasts
 10774 | Lair:1   | Noticed Maggie
 10782 | Lair:1   | Killed Maggie
 10783 | Lair:1   | Reached skill level 1 in Invocations
 10797 | Lair:1   | Found a gate leading to a gauntlet.
 10802 | Gauntlet | Entered a Gauntlet
 10802 | Gauntlet | Found a transporter.
 10869 | Gauntlet | Found a transporter.
 10871 | Gauntlet | Found a transporter.
 10887 | Gauntlet | Found a transporter.
 10890 | Gauntlet | Found a transporter.
 10896 | Gauntlet | Found a transporter.
 10909 | Gauntlet | Noticed a balrug
 10912 | Gauntlet | Found a transporter.
 10922 | Gauntlet | Found a transporter.
 10929 | Gauntlet | Noticed a great orb of eyes
 10931 | Gauntlet | Found a runed translucent gate.
 10932 | Gauntlet | Found a transporter.
 10932 | Gauntlet | Found a runed translucent gate.
 10933 | Gauntlet | Found a runed translucent gate.
 10946 | Gauntlet | Found a transporter.
 10974 | Gauntlet | Found a transporter.
 10974 | Gauntlet | Found a transporter.
 11032 | Gauntlet | Found a transporter.
 11035 | Gauntlet | Found a transporter.
 11139 | Gauntlet | Gained mutation: Your spells are a little easier to cast,
                  | but a little less powerful. [a neqoxec]
 11183 | Gauntlet | Gained mutation: You have hidden genetic defects. [a
                  | neqoxec]
 11234 | Gauntlet | Killed a great orb of eyes
 11239 | Gauntlet | Identified the +0 hat "Put-Me-On" {Will+}
 11301 | Gauntlet | Noticed a minotaur
 11308 | Gauntlet | HP: 5/115 [minotaur/+5 mace of draining (3)]
 11312 | Gauntlet | Slain by a minotaur

Illustrated notes

Levels and vault maps discovered:
D:1:      psy_arrival_dodecagon, layout_rooms, hellmonk_ecumenical_altar_blasted
D:2:      minmay_recursive_quarters, layout_basic, uniq_jessica
D:3:      layout_basic
D:4:      minmay_chambers_of_threes, layout_cave_pools,
          eat_drink_and_be_merry_uskayaw, lemuel_coloured_pillars_altar,
          uniq_menkaure
D:5:      layout_cave_pods, minmay_temple_entry_tees,
          nicolae_ossuary_entry_monument, serial_shops, nicolae_diamond_shop,
          minmay_misc_feat_hallway, nicolae_zen_rock_garden
D:6:      layout_rooms, jmf_multi_god_temple2, minmay_parallelograms,
          uniq_duvessa, uniq_eustachio
D:7:      layout_gridville, okawaru_gym_becter, ebering_ghost_reflecting_pool,
          minmay_mini_ossuary
D:8:      layout_rooms, serial_bayou, serial_bayou_pond_a, serial_bayou_pond_e,
          serial_bayou_shore_a, serial_bayou_ford_a, serial_bayou_pond_d
D:9:      layout_loops_corners, nemelex_xobeh_ov_fountains_minmay,
          erik_lair_orcish_takeover
D:10:     layout_rooms, pdpol_temple_overflow_zin_treasury_gozag_greed
D:11:     layout_loops_ring, dk_vineyard_3, uniq_nergalle
D:12:     layout_layer_cave, david_orc_3, serial_shops, shop
D:13:     cheibrodos_quadrivalence, layout_small_grid,
          hangedman_vaults_entry_quadrant_bands, serial_shops,
          nicolae_stop_n_shop_2
Lair:1:   layout_roguey, gauntlet_entry_generic, uniq_maggie
Gauntlet: minmay_gauntlet_77_tree [minmay_gauntlet_arena_77_two_paths,
          minmay_gauntlet_arena_77_terracotta_army,
          minmay_gauntlet_arena_77_p_blocks,
          minmay_gauntlet_arena_77_run_for_it, minmay_gauntlet_arena_77_mirror,
          minmay_gauntlet_arena_77_fan, minmay_gauntlet_arena_77_hold_the_fort,
          gauntlet_exit_watery]

Skill      XL: |  1  2  3  4  5  6  7  8  9 10 11 12 |
---------------+-------------------------------------+-----
Fighting       | 2 3 4 5 7 9 10 | 10.0
Unarmed Combat | 4 5 6 7 8 10 11 12 | 12.0
Dodging        | 2 5 7 9 10 | 10.2
Transmutations | 3 6 9 10 | 10.5
Invocations    | 2 |  2.5
Spellcasting   | |  2.0

Action                   |  1- 3 |  4- 6 |  7- 9 | 10-12 || total
-------------------------+-------+-------+-------+-------++-------
Melee: Dagger            |    70 |   216 |       |       ||   286
       Unarmed           |     8 |     3 |   233 |   434 ||   678
       Headbutt          |     8 |    14 |    57 |    78 ||   157
       Kick              |    16 |    27 |   105 |   105 ||   253
       Tailslap          |     9 |    34 |    58 |    57 ||   158
       Punch             |     1 |     8 |    19 |    21 ||    49
       Short sword       |       |    80 |   208 |       ||   288
 Cast: Beastly Appendage |    18 |    20 |    46 |    40 ||   124
       Wereblood         |       |       |     1 |     3 ||     4
       Ice Form          |       |       |       |    11 ||    11
Invok: Stomp             |       |       |     3 |     1 ||     4
       Line Pass         |       |       |       |     1 ||     1
 Abil: Breathe Acid      |       |       |    10 |    12 ||    22
       End Transformatio |       |       |     1 |       ||     1
Evoke: Wand              |       |       |     6 |    15 ||    21
  Use: Scroll            |       |     6 |    14 |    10 ||    30
       Potion            |       |     4 |     3 |     7 ||    14
 Stab: Sleeping          |     1 |       |     2 |       ||     3
       Paralysed         |       |       |    23 |    23 ||    46
       Distracted        |       |       |     1 |       ||     1
Armor: Skin              |    16 |   155 |   259 |   113 ||   543
Dodge: Dodged            |    28 |   163 |   257 |   255 ||   703

Table legend: (Time is in decaauts)
 A = Elapsed time spent in this place.
 B = Non-inter-level travel time spent in this place.
 C = Inter-level travel time spent in this place.
 D = Time resting spent in this place.
 E = Time spent auto-exploring this place.
 F = Levels seen in this place.
 G = Mean time per level.
                   A        B        C        D        E       F      G
               +--------+--------+--------+--------+--------+-----+--------+
         Total |  11187 |  10838 |    349 |    366 |   7553 |  16 |  699.2 |
       Dungeon |  10245 |   9896 |    349 |    307 |   7194 |  13 |  788.1 |
          Lair |     26 |     26 |      0 |      0 |      0 |   1 |   26.0 |
       Ossuary |    413 |    413 |      0 |      0 |    139 |   1 |  413.0 |
      Gauntlet |    501 |    501 |      0 |     59 |    220 |   1 |  501.0 |
               +--------+--------+--------+--------+--------+-----+--------+

Top non-repeatable levels by time:
    D:12: 1242 daAuts
     D:9: 1016 daAuts
     D:4: 1010 daAuts
    D:11: 991 daAuts
     D:8: 891 daAuts
     D:6: 844 daAuts
     D:5: 813 daAuts
     D:2: 755 daAuts
    D:10: 667 daAuts
     D:3: 661 daAuts
     D:1: 638 daAuts
     D:7: 521 daAuts
Gauntlet: 501 daAuts
 Ossuary: 413 daAuts
    D:13: 190 daAuts
